AoeStats
← Malik Bhai

Runestones

507643480Analyzed
1v1 RM · 13d ago on Sep 19, 2026· 32m 34s· 2 players
Game mode
Random Map
Map size
Tiny (2 player)
Population
200
Speed
Normal
Resources
Standard
Victory
Conquest
Starting age
Dark Age
Ending age
Imperial Age
RankedLock teamsTeams togetherTeam positionsShared explorationLock speedFull tech treeHidden civsTurbo modeCheats
Victory
Defeat
🇵🇰 Bohemians · Pakistan
1760
+13
🇦🇷 Tupi · Argentina
1695
-13
Jhoonas
7:12 Loom
10:05 Feudal Age
14:05 Castle Age
12:35 Double-Bit Axe
13:53 Padded Archer Armor
14:07 Fletching
16:33 Town Watch
16:30 Horse Collar
18:52 Bodkin Arrow
22:51 Ballistics
22:56 Sanctity
23:19 Bow Saw
24:20 Devotion
26:30 Padded Archer Armor
Malik Bhai
6:54 Loom
11:16 Feudal Age
15:54 Castle Age
14:00 Double-Bit Axe
14:31 Horse Collar
17:17 Bow Saw
26:06 Wheelbarrow
28:08 Fervor
28:04 Fletching
32:28 Imperial Age
30:35 Heavy Plow
32:21 Bodkin Arrow
Connection lost

Rejoining the realm…

Still unreachable

The connection could not be restored.

Session expired

The server has moved on; the page needs a fresh start.